 Dungeon Crawl Stone Soup version 0.27.0-1-g7a089689b8 (console) character file.

Game seed: 18308436190282326582

1283 FIQ the Ducker (level 8, -8/60 HPs)
             Began as a Gnoll Monk on Aug 5, 2021.
             Was a Believer of Yredelemnul.
             Mangled by a hell rat (14 damage)
             ... on level 7 of the Dungeon.
             The game lasted 00:15:46 (9455 turns).

FIQ the Ducker (Gnoll Monk)                         Turns: 9455, Time: 00:15:46

Health: -8/60      AC: 14    Str: 13    XL:     8   Next: 55%
Magic:  13/13      EV: 12    Int: 10    God:    Yredelemnul [**....]
Gold:   413        SH:  0    Dex: 14    Spells: 13/13 levels left

rFire    . . .     SeeInvis .   a - +1 mace
rCold    . . .     Faith    .   (no shield)
rNeg     . . .     Spirit   .   h - +0 scale mail
rPois    .         Reflect  .   (no helmet)
rElec    .         Harm     .   (no cloak)
rCorr    .         Rampage  .   o - +1 pair of gloves
Will     .....     Clarity  +   j - +0 pair of boots
Stlth    ++........             (no amulet)
HPRegen  0.20/turn              f - +4 ring of protection
MPRegen  0.13/turn              (no ring)

@: mighty, unable to read
A: fangs 1, strong nose, distributed training, clarity, frail 1, evolution 1,
inability to read while threatened
a: Renounce Religion, Animate Remains, Recall Undead Slaves, Injury Mirror


You were on level 7 of the Dungeon.
You worshipped Yredelemnul.
Yredelemnul was pleased with you.
You visited 2 branches of the dungeon, and saw 8 of its levels.
You also visited: Sewer.

You collected 413 gold pieces.

Inventory:

Hand Weapons
 a - a +1 mace (weapon)
Missiles
 q - 4 throwing nets (quivered)
Armour
 h - a +0 scale mail (worn)
 j - a +0 pair of boots (worn)
 o - a +1 pair of gloves (worn)
Jewellery
 f - a +4 ring of protection (left hand)
Wands
 l - a wand of iceblast (5)
Scrolls
 b - a scroll of blinking
 c - 2 scrolls of summoning
 e - 3 scrolls of teleportation
 i - 3 scrolls of enchant weapon
 m - a scroll of amnesia
 n - a scroll of identify
 r - a scroll of fog
Potions
 d - 2 potions of curing
 g - 4 potions of flight


   Skills:
 + Level 7.4 Fighting
 + Level 3.3 Short Blades
 + Level 3.3 Long Blades
 + Level 3.3 Axes
 + Level 7.4 Maces & Flails
 + Level 3.3 Polearms
 + Level 3.3 Staves
 + Level 3.3 Slings
 + Level 3.3 Bows
 + Level 3.3 Crossbows
 + Level 3.3 Throwing
 + Level 3.3 Armour
 + Level 7.4 Dodging
 + Level 5.4 Stealth
 + Level 3.3 Shields
 + Level 3.3 Unarmed Combat
 + Level 3.3 Spellcasting
 + Level 2.7 Conjurations
 + Level 2.7 Hexes
 + Level 2.7 Summonings
 + Level 2.7 Necromancy
 + Level 2.7 Translocations
 + Level 2.7 Transmutations
 + Level 2.7 Fire Magic
 + Level 2.7 Ice Magic
 + Level 2.7 Air Magic
 + Level 2.7 Earth Magic
 + Level 2.7 Poison Magic
 + Level 3.7 Invocations
 + Level 3.3 Evocations


You had 13 spell levels left.
You didn't know any spells.
Your spell library contained the following spells:

 Spells                   Type           Power      Damage    Failure   Level
 Pain                     Necr           28%        1d5       36%         1
 Passwall                 Tmut/Erth      5%         N/A       50%         2
 Dazzling Flash           Conj/Hex       14%        N/A       75%         3
 Vampiric Draining        Necr           3%         2d6       75%         3
 Cause Fear               Hex            3%         N/A       98%         4
 Iskenderun's Mystic Bla  Conj/Tloc      7%         2d4       98%         4
 Leda's Liquefaction      Hex/Erth       3%         N/A       98%         4
 Agony                    Necr           7%         N/A       100%        5
 Excruciating Wounds      Necr           3%         N/A       100%        5
 Starburst                Conj/Fire      3%         8x6d3     100%        6
 Dragon Form              Tmut           3%         N/A       100%        7
 Dragon's Call            Summ           3%         N/A       100%        9


Dungeon Overview and Level Annotations

Branches:
Dungeon (7/15)             Temple (1/1) D:5           Sewer (visited)

Altars:
Ashenzari
Cheibriados
Dithmenos
Elyvilon
Fedhas
Gozag
Hepliaklqana
Kikubaaqudgha
Makhleb
Nemelex Xobeh
Okawaru
Ru
Sif Muna
Uskayaw
Wu Jian
Xom
Yredelemnul
Zin
The Shining One
Lugonu

Shops:
D:5 [

Portals:
Abyss: D:4


Innate Abilities, Weirdness & Mutations

You have very sharp teeth.
Your uncanny sense of smell can sniff out nearby items.
Your experience applies equally to all skills.
You possess an exceptional clarity of mind.
You are frail. (-10% HP)
You evolve.
You sometimes lose the ability to read scrolls when taking damage.


Message History

The hell rat bites you!
You feel drained.
You hit the hell rat.
You kill the hell rat!
Yredelemnul accepts your kill.
You hit the hell rat.
The hell rat is lightly wounded.
The hell rat bites you!
* * * LOW HITPOINT WARNING * * *
A river rat comes into view.
You sock the hell rat!
The hell rat is almost dead.
The hell rat bites you!
* * * LOW HITPOINT WARNING * * *
You hit the hell rat but do no damage.
The hell rat is almost dead.
The hell rat completely misses you. The hell rat bites you.
* * * LOW HITPOINT WARNING * * *
You hit the hell rat.
You kill the hell rat!
Yredelemnul accepts your kill.
Your life force feels restored.
You attempt to give life to the dead...
There are no remains here to animate!
Press: ? - help, v - describe, . - travel, g - get item Item here: a hell rat corpse.
The floor, spattered with blood.
Okay, then.
You cannot read scrolls in your current state!
Unknown command.
You cannot read scrolls in your current state!
You hear the faint creaking of a portcullis very nearby.
You hear the slow hiss of a very distant avalanche of sand.
The hell rat bites you but does no damage.
You can read scrolls again.
You see here a river rat corpse.
The hell rat barely misses you.
Okay, then.
The hell rat bites you!
You feel threatened and lose the ability to read scrolls!
You die...
Your body rises from the dead as a mindless zombie.

....#
##.##...#†..##.r####
....# #.##.
#r#######.#.# ....#
##†## r. ##.## ....#
###.##. ###.# ....#
##..##. ∆##.r##
+#### #.#### ##r###
∆ ##.###### #####†##
∆ ##†..#†###r#..## ∆
####.#..@#.###
#########


You could see a hell rat.

Vanquished Creatures
  2 sky beasts (D:6)
  An ogre (D:5)
  2 phantoms
  A water moccasin skeleton (D:5)
  A howler monkey (D:7)
  A jelly (D:4)
  2 bullfrog zombies
  2 hounds (D:5)
  A centaur skeleton (D:5)
  An orc priest (D:5)
  A bullfrog skeleton (D:5)
  3 orc wizards
  3 hell rats (D:7)
  Natasha (thrice) (D:2)
  A mummy (D:4)
  4 gnolls (D:5)
  A howler monkey skeleton (D:4)
  5 river rats (D:7)
  8 adders
  6 worms
  4 dart slugs
  12 orcs
  5 ball pythons
  10 bats
  11 endoplasms
  7 giant cockroaches
  5 goblins
  10 hobgoblins
  4 jackals (Sewer)
  6 quokkas
  5 frilled lizards
  13 kobolds
  5 rats
146 creatures vanquished.

Vanquished Creatures (collateral kills)
  A kobold (D:4)
1 creature vanquished.

Grand Total: 147 creatures vanquished

Notes
Turn   | Place    | Note
-------+----------+-------------------------------------------
     0 | D:1      | FIQ the Gnoll Monk began the quest for the Orb.
     0 | D:1      | Reached XP level 1. HP: 23/23 MP: 1/1
    98 | D:1      | Found a faded altar of an unknown god.
   317 | D:1      | Reached XP level 2. HP: 29/29 MP: 2/2
   979 | D:2      | Reached XP level 3. HP: 21/35 MP: 3/3
  1375 | D:2      | Noticed Natasha
  1383 | D:2      | Killed Natasha
  1384 | D:2      | Reached skill level 1 in Short Blades
  1384 | D:2      | Reached skill level 1 in Long Blades
  1384 | D:2      | Reached skill level 1 in Axes
  1384 | D:2      | Reached skill level 1 in Polearms
  1384 | D:2      | Reached skill level 1 in Staves
  1384 | D:2      | Reached skill level 1 in Slings
  1384 | D:2      | Reached skill level 1 in Bows
  1384 | D:2      | Reached skill level 1 in Crossbows
  1384 | D:2      | Reached skill level 1 in Throwing
  1384 | D:2      | Reached skill level 1 in Armour
  1384 | D:2      | Reached skill level 1 in Shields
  1384 | D:2      | Reached skill level 1 in Unarmed Combat
  1384 | D:2      | Reached skill level 1 in Spellcasting
  1384 | D:2      | Reached skill level 1 in Invocations
  1384 | D:2      | Reached skill level 1 in Evocations
  1384 | D:2      | Reached XP level 4. HP: 33/41 MP: 5/5
  1556 | D:2      | Noticed Natasha
  1564 | D:2      | Killed Natasha
  1565 | D:2      | Reached skill level 1 in Conjurations
  1565 | D:2      | Reached skill level 1 in Hexes
  1565 | D:2      | Reached skill level 1 in Summonings
  1565 | D:2      | Reached skill level 1 in Necromancy
  1565 | D:2      | Reached skill level 1 in Translocations
  1565 | D:2      | Reached skill level 1 in Transmutations
  1565 | D:2      | Reached skill level 1 in Fire Magic
  1565 | D:2      | Reached skill level 1 in Ice Magic
  1565 | D:2      | Reached skill level 1 in Air Magic
  1565 | D:2      | Reached skill level 1 in Earth Magic
  1565 | D:2      | Reached skill level 1 in Poison Magic
  1776 | D:2      | Noticed Natasha
  1780 | D:2      | Killed Natasha
  1802 | D:2      | Reached XP level 5. HP: 47/47 MP: 6/6
  1967 | D:2      | Found a burning altar of Makhleb.
  2423 | D:3      | Found a shimmering blue altar of Sif Muna.
  3268 | D:4      | Gained mutation: You tend to lose your temper in combat.
                  | [potion of mutation]
  3268 | D:4      | Gained mutation: You occasionally shout uncontrollably at
                  | your foes. [potion of mutation]
  3269 | D:4      | Lost mutation: You occasionally shout uncontrollably at
                  | your foes. [potion of mutation]
  3269 | D:4      | Lost mutation: You tend to lose your temper in combat.
                  | [potion of mutation]
  3269 | D:4      | Gained mutation: You are frail. (-10% HP) [potion of
                  | mutation]
  3269 | D:4      | Gained mutation: You sometimes lose the ability to read
                  | scrolls when taking damage. [potion of mutation]
  3269 | D:4      | Gained mutation: You evolve. [potion of mutation]
  3431 | D:4      | Found a glowing drain.
  3479 | D:4      | Reached XP level 6. HP: 42/47 MP: 8/8
  3518 | Sewer    | Entered a sewer
  4955 | D:4      | Found a one-way gate to the infinite horrors of the Abyss.
  5037 | D:4      | Found a snail-covered altar of Cheibriados.
  5215 | D:4      | Found a large runed translucent door.
  5364 | D:4      | Found a large runed translucent door.
  5844 | D:4      | Found a corrupted altar of Lugonu.
  5909 | D:5      | Entered Level 5 of the Dungeon
  6191 | D:5      | Reached XP level 7. HP: 40/53 MP: 10/10
  6679 | D:5      | Reached skill level 5 in Stealth
  7148 | D:5      | Gained mutation: You possess an exceptional clarity of
                  | mind. [evolution]
  7350 | D:5      | Reached XP level 8. HP: 29/60 MP: 12/12
  7558 | D:5      | Found Devubly's Armour Emporium.
  7614 | D:5      | Found an opulent altar of Gozag.
  7801 | D:5      | Found a staircase to the Ecumenical Temple.
  7814 | Temple   | Entered the Ecumenical Temple
  7998 | Temple   | Became a worshipper of Yredelemnul the Dark
  7998 | Temple   | Reached * piety under Yredelemnul
  7998 | Temple   | Reached ** piety under Yredelemnul
  8770 | D:6      | Got the Handbook of Twisted Stones
  9437 | D:7      | HP: 2/59 [hell rat (1)]
  9455 | D:7      | Mangled by a hell rat

Illustrated notes

Levels and vault maps discovered:
D:1:      minmay_arrival_stone_box, layout_basic, ebering_ecumenical_altar_box
D:2:      layout_basic, basic_altar, uniq_natasha
D:3:      layout_loops_corners, led_sif_book, hangedman_glass_teeth
D:4:      due_chaos_kobolds, layout_basic, slow_altar_2, gup_sewer_entry_glass,
          amcnicky_mini_rare_corridor_liquid, roderic_lattice_a
D:5:      layout_rooms, lemuel_coloured_pillars_altar,
          minmay_temple_entry_offerings, serial_shops, shop
D:6:      layout_gridville
D:7:      wander_guarded_unrand_ratskin, layout_basic, enter_ossuary_5,
          enter_bailey_2
Temple:   regret_index_temple_sphere_string

Skill      XL: |  1  2  3  4  5  6  7  8 |
---------------+-------------------------+-----
Short Blades   | 1 2 3 |  3.3
Long Blades    | 1 2 3 |  3.3
Axes           | 1 2 3 |  3.3
Polearms       | 1 2 3 |  3.3
Staves         | 1 2 3 |  3.3
Slings         | 1 2 3 |  3.3
Bows           | 1 2 3 |  3.3
Crossbows      | 1 2 3 |  3.3
Throwing       | 1 2 3 |  3.3
Armour         | 1 2 3 |  3.3
Shields        | 1 2 3 |  3.3
Unarmed Combat | 1 2 3 |  3.3
Spellcasting   | 1 2 3 |  3.3
Invocations    | 1 2 3 |  3.7
Evocations     | 1 2 3 |  3.3
Conjurations   | 1 2 |  2.7
Hexes          | 1 2 |  2.7
Summonings     | 1 2 |  2.7
Necromancy     | 1 2 |  2.7
Translocations | 1 2 |  2.7
Transmutations | 1 2 |  2.7
Fire Magic     | 1 2 |  2.7
Ice Magic      | 1 2 |  2.7
Air Magic      | 1 2 |  2.7
Earth Magic    | 1 2 |  2.7
Poison Magic   | 1 2 |  2.7
Fighting       | 7 |  7.4
Maces & Flails | 7 |  7.4
Dodging        | 7 |  7.4
Stealth        | 5 |  5.4

Action                   |  1- 3 |  4- 6 |  7- 9 || total
-------------------------+-------+-------+-------++-------
Melee: Mace              |    84 |   327 |   251 ||   662
       Bite              |     6 |    31 |    29 ||    66
       Punch             |       |     5 |     3 ||     8
Evoke: Wand              |       |     3 |       ||     3
  Use: Scroll            |       |     6 |     7 ||    13
       Potion            |       |     8 |     1 ||     9
 Stab: Sleeping          |     6 |     5 |     2 ||    13
Armor: Robe              |     3 |       |       ||     3
       Scale mail        |    21 |   191 |   106 ||   318
Dodge: Dodged            |    51 |   181 |   128 ||   360
